 Dungeon Crawl Stone Soup version 0.31-a0-1388-g4b2ba238e7 (webtiles) character file.

Game seed: 8477702948889568489

3021 MisterAzrael the Mimic (level 9, -5/75 HPs)
             Began as a Troll Shapeshifter on Dec 24, 2023.
             Was a Follower of Ashenzari.
             Slain by a yak (8 damage)
             ... on level 7 of the Dungeon.
             The game lasted 00:12:50 (4914 turns).

MisterAzrael the Mimic (Troll Shapeshifter)         Turns: 4914, Time: 00:12:50

Health: -5/75      AC:  2    Str: 28    XL:     9   Next: 55%
Magic:  8/8        EV: 10    Int:  6    God:    Ashenzari [*.....]
Gold:   387        SH:  0    Dex:  9    Spells: 8/8 levels left

rFire   . .          .
                       - Unarmed
rCold   . . .        (shield currently unavailable)
rNeg    . . .        a - +0 animal skin "Shattered With Me" {Comp, Cun} (curse)
rPois   .            (helmet restricted)
rElec   .            (no cloak)
rCorr   .            (gloves unavailable)
SInv    .            (boots unavailable)
Will    .....        (no amulet)
Stlth   +            C - ring of the Astrological God {Slay+4, Melee, Comp} (curse)
HPRegen 1.12/turn    (no ring)
MPRegen 0.11/turn

%: no passive effects
@: blade hands
A: large, unfitting armour, (claws 3), regeneration 1, shaggy fur 1, tough skin
1
a: Begin Untransformation, Renounce Religion, Shatter the Chains


You were on level 7 of the Dungeon.
You worshipped Ashenzari.
Ashenzari was aware of your devotion.
You had blades for hands.
You visited 2 branches of the dungeon, and saw 8 of its levels.

You collected 387 gold pieces.

Inventory:

Hand Weapons
 b - a +3 giant spiked club
 l - a +0 hand cannon of draining
Missiles
 j - 9 boomerangs
Armour
 a - the cursed +0 animal skin "Shattered With Me" (worn) {Comp, Cun}

   It has a curse which improves the following skills: Companions: Summonings
   and Necromancy.
   Cunning:   Dodging and Stealth.
 A - a +0 tower shield
Jewellery
 w - a ring of magical power
 x - a +6 ring of intelligence
 C - the cursed ring of the Astrological God (left blade hand) {Slay+4, Melee, Comp}
   (You found it on level 6 of the Dungeon)

   [ring of slaying]

   Slay+4:    It affects your accuracy & damage with ranged weapons and melee
   (+4).
   It has a curse which improves the following skills: Melee Combat: Short
   Blades, Long Blades, Axes, Maces & Flails, Polearms, Staves and Unarmed
   Combat.
   Companions: Summonings and Necromancy.
Talismans
 c - a beast talisman
 d - a flux talisman
 k - a maw talisman
 B - a blade talisman (active)
Wands
 y - a wand of digging (7)
 E - a wand of paralysis (3)
Scrolls
 e - 2 scrolls of fog
 g - 3 scrolls of teleportation
 h - 2 scrolls of identify
 m - a scroll of acquirement
 q - a scroll of amnesia
 r - a scroll of enchant armour
 t - 2 scrolls of immolation
 u - a scroll of fear
 v - a scroll of silence
 D - a scroll of enchant weapon
Potions
 f - a potion of brilliance
 i - 3 potions of attraction
 n - a potion of ambrosia
 o - 4 potions of mutation
 p - 6 potions of curing
 s - a potion of enlightenment
 z - a potion of lignification


   Skills:
 - Level 0.7 Fighting
 - Level 4.4(5.2) Maces & Flails
 - Level 1.5(2.1) Dodging
 * Level 6.9(7.7) Unarmed Combat
 * Level 10.3 Shapeshifting


You had 8 spell levels left.
You didn't know any spells.
Your spell library contained the following spells:

 Spells                   Type           Power      Damage    Failure   Level
 Magic Dart               Conj           0%         1d3       45%         1
 Sandblast                Erth           0%         2d4       45%         1
 Blink                    Tloc           0%         N/A       58%         2
 Call Imp                 Summ           0%         N/A       58%         2
 Passwall                 Alch/Erth      0%         N/A       58%         2
 Sublimation of Blood     Necr           0%         N/A       58%         2
 Stone Arrow              Conj/Erth      0%         3d7       83%         3
 Brom's Barrelling Bould  Conj/Erth      0%         2d3       99%         4
 Petrify                  Alch/Erth      0%         N/A       99%         4
 Irradiate                Conj/Alch      0%         3d11      100%        5


Dungeon Overview and Level Annotations

Branches:
Dungeon (7/15)             Temple (1/1) D:5

Altars:
Ashenzari
Elyvilon
Fedhas
Gozag
Hepliaklqana
Kikubaaqudgha
Makhleb
Nemelex Xobeh
Okawaru
Qazlal
Ru
Sif Muna
Trog
Uskayaw
Vehumet
Wu Jian
Xom
Yredelemnul
The Shining One

Shops:
D:7 :

Annotations:
D:5 3 runed translucent doors, Phlounder's ghost, novice DjAE


Innate Abilities, Weirdness & Mutations

You have blades for hands.
You are incapable of wielding weapons or throwing items.
You are too large for most types of armour.
((You have claws for hands.))
Your natural rate of healing is unusually fast.
You are covered in fur. (AC +1)
You have tough skin. (AC +1)


Message History

The yak is severely wounded.
The yak gores you!
* * * LOW HITPOINT WARNING * * *
You slash the yak!
You kill the yak!
Your Shapeshifting skill increases to level 10!
You slice the yak!!
You kill the yak!
You slice the yak!!
The yak is severely wounded.
You slash the yak!
The yak is almost dead.
The yak gores you!
* * * LOW HITPOINT WARNING * * *
You closely miss the yak.
The yak is almost dead.
You hit the yak.
You kill the yak!
You slash the yak!
The yak is heavily wounded.
The yak gores you.
* * * LOW HITPOINT WARNING * * *
The yak gores you.
* * * LOW HITPOINT WARNING * * *
You hit the yak.
The yak is heavily wounded.
The yak gores you!
* * * LOW HITPOINT WARNING * * *
The yak misses you.
You shred the yak!!!
You kill the yak!
You slice the yak!!
The yak is heavily wounded.
The yak closely misses you.
You completely miss the yak.
The yak is heavily wounded.
The yak gores you!
* * * LOW HITPOINT WARNING * * *
The yak attacks as it pursues you! The yak gores you!
You die...

#########
#.....#.#############
.....................
###.##.#############
#######.##.#.#
##........#.#.#
#∩...†......#<#
##.......##.#.#
#######@##.#.#
########Y##.#.#
.......††##.#.#
.#.##..#.##.#.###########
.....#.##.#............
#.###$#.##[#....##......
# #.#.# #....##......
#.#.# #....##...... #.#.#
#....##......


You could see a yak.

Vanquished Creatures
  Grinder (D:5)
  4 yaks (D:7)
  A fire bat (D:6)
  Menkaure (D:5)
  Edmund (D:4)
  A water moccasin (D:5)
  Duvessa (D:4)
  2 ice beasts
  2 sky beasts
  An ogre (D:5)
  2 kobold brigands (D:6)
  Blork the orc (D:4)
  A bullfrog (D:7)
  2 scorpions
  Dowan (D:3)
  2 bombardier beetles
  A howler monkey (D:6)
  3 orc priests (D:5)
  9 hounds
  2 jellies
  2 iguanas
  2 orc wizards (D:6)
  6 adders
  A gnoll (D:1)
  2 ufetubi (D:6)
  2 worms (D:2)
  3 dart slugs
  12 orcs (D:6)
  A ball python (D:4)
  5 endoplasms
  5 giant cockroaches
  8 hobgoblins
  4 jackals (D:4)
  11 kobolds
  3 quokkas
  5 bats
  5 goblins
  3 rats
119 creatures vanquished.

Notes
Turn   | Place    | Note
-------+----------+-------------------------------------------
     0 | D:1      | MisterAzrael the Troll Shapeshifter began the quest for the
                  | Orb.
     0 | D:1      | Reached XP level 1. HP: 18/18 MP: 0/0
    34 | D:1      | Reached XP level 2. HP: 26/26 MP: 1/1
   635 | D:2      | Reached XP level 3. HP: 27/32 MP: 2/2
  1209 | D:3      | Reached skill level 4 in Shapeshifting
  1258 | D:3      | Found a white marble altar of Elyvilon.
  1259 | D:3      | Found a sacrificial altar of Ru.
  1262 | D:3      | Found a hide-covered altar of Uskayaw.
  1262 | D:3      | Found a shimmering blue altar of Sif Muna.
  1264 | D:3      | Found a burning altar of Makhleb.
  1271 | D:3      | Found an iron altar of Okawaru.
  1309 | D:3      | Reached XP level 4. HP: 40/40 MP: 3/3
  1532 | D:3      | Found a stormy altar of Qazlal.
  1534 | D:3      | Noticed a fire elemental
  1535 | D:3      | Noticed a water elemental
  1535 | D:3      | Noticed an air elemental
  1535 | D:3      | Noticed an earth elemental
  1577 | D:4      | Noticed Blork the orc
  1577 | D:4      | Noticed Duvessa
  1581 | D:4      | Noticed Dowan
  1685 | D:4      | Killed Blork the orc
  1686 | D:4      | Reached skill level 5 in Shapeshifting
  1686 | D:4      | Reached XP level 5. HP: 32/46 MP: 4/4
  1969 | D:4      | Noticed Edmund
  1980 | D:4      | Killed Edmund
  1981 | D:4      | Reached XP level 6. HP: 39/54 MP: 5/5
  2230 | D:4      | Killed Duvessa
  2231 | D:4      | Reached skill level 5 in Unarmed Combat
  2231 | D:4      | Reached skill level 6 in Shapeshifting
  2241 | D:3      | Killed Dowan
  2505 | D:4      | Reached XP level 7. HP: 61/61 MP: 6/6
  2854 | D:5      | Entered Level 5 of the Dungeon
  2880 | D:5      | Noticed Grinder
  2886 | D:5      | Paralysed by Grinder for 4 turns
  2894 | D:5      | Killed Grinder
  2903 | D:5      | Reached skill level 7 in Shapeshifting
  3079 | D:5      | Reached skill level 1 in Maces & Flails
  3079 | D:5      | Reached XP level 8. HP: 34/68 MP: 7/7
  3149 | D:5      | Reached skill level 8 in Shapeshifting
  3366 | D:5      | Found a runed translucent gate.
  3366 | D:5      | Found a runed translucent gate.
  3367 | D:5      | Found a runed translucent gate.
  3368 | D:5      | Noticed Phlounder's ghost (novice DjAE)
  3455 | D:5      | Noticed Menkaure
  3461 | D:5      | Killed Menkaure
  3626 | D:5      | Found a staircase to the Ecumenical Temple.
  3639 | Temple   | Entered the Ecumenical Temple
  3646 | Temple   | Became a worshipper of Ashenzari the Shackled
  3921 | D:6      | Found a blossoming altar of Fedhas.
  4033 | D:6      | Reached skill level 9 in Shapeshifting
  4399 | D:6      | Reached XP level 9. HP: 75/75 MP: 8/8
  4473 | D:6      | Found a shimmering altar of Xom.
  4807 | D:7      | Reached * piety under Ashenzari
  4807 | D:7      | Identified a scroll of acquirement
  4870 | D:7      | Found Racisur's Tremendous Tomes.
  4904 | D:7      | Reached skill level 10 in Shapeshifting
  4913 | D:7      | HP: 2/75 [yak (11)]
  4914 | D:7      | Slain by a yak

Illustrated notes

Levels and vault maps discovered:
D:1:      zaba_arrival_water, layout_basic, minmay_misc_feat_doors
D:2:      layout_basic, minmay_pentomino_q4
D:3:      layout_rooms, nicolae_qazlal_style_of_elements,
          grunt_temple_overflow_open
D:4:      layout_loops_ring, uniq_blork_the_orc, uniq_edmund, uniq_duvessa
D:5:      layout_cave_pools, minmay_temple_entry_statues_pillars,
          gammafunk_ghost_necromancy, hangedman_abyss_or_decor_passed,
          uniq_grinder, uniq_menkaure
D:6:      layout_basic, nicolae_overflow_crystal_walls, regret_index_xom_of_box
D:7:      layout_basic, serial_shops, nicolae_shop_hallway_stairs,
          nicolae_shop_i_like_big_books, nicolae_shop_self_help
Temple:   nicolae_temple_ecumenical_triangle

Skill      XL: |  1  2  3  4  5  6  7  8  9 |
---------------+----------------------------+-----
Shapeshifting  | 4 5 6 7 9 10 | 10.3
Unarmed Combat | 4 5 6 |  6.9
Maces & Flails | 1 3 4 |  4.4
Fighting       | |  0.7
Dodging        | |  1.5

Action                     |  1- 3 |  4- 6 |  7- 9 || total
---------------------------+-------+-------+-------++-------
  Melee: Unarmed           |    73 |    67 |   162 ||   302
         Punch             |       |     3 |     6 ||     9
         Giant spiked club |       |       |    11 ||    11
 Invoke: Curse Item        |       |       |     2 ||     2
    Use: Scroll            |     5 |       |     7 ||    12
         Potion            |       |     2 |     2 ||     4
 Armour: Animal skin       |    45 |    32 |   132 ||   209
         Skin              |       |    12 |    46 ||    58
  Dodge: Dodged            |    29 |    20 |    70 ||   119
   Form: Blade             |       |       |     1 ||     1

Table legend: (Time is in decaauts)
 A = Elapsed time spent in this place.
 B = Non-inter-level travel time spent in this place.
 C = Inter-level travel time spent in this place.
 D = Time resting spent in this place.
 E = Time spent auto-exploring this place.
 F = Levels seen in this place.
 G = Mean time per level.
                   A        B        C        D        E       F      G
               +--------+--------+--------+--------+--------+-----+--------+
         Total |   4901 |   4769 |    132 |    853 |   3025 |   8 |  612.6 |
       Dungeon |   4886 |   4754 |    132 |    853 |   3025 |   7 |  698.0 |
        Temple |     14 |     14 |      0 |      0 |      0 |   1 |   14.0 |
               +--------+--------+--------+--------+--------+-----+--------+

Top non-repeatable levels by time:
     D:4: 980 daAuts
     D:5: 943 daAuts
     D:6: 925 daAuts
     D:3: 755 daAuts
     D:2: 652 daAuts
     D:1: 482 daAuts
     D:7: 147 daAuts
  Temple: 14 daAuts
